Unix NetHack Version 3.7.0-86 Work-in-progress - last build May 30 2023 11:53:40 (cc98dc9aa62a9957b082a042edf5bd7ec9f632c7,branch:master). Game began 2023-05-31 14:49:46, ended 2023-05-31 15:07:00. Mishka, lawful female dwarven Valkyrie ------------- ------------ |...(......[-# |...........# |..........%|#%########## #-..........|### -------- |.........>.| ### ###----|---.--- ####0#|......| --|---|------ #### # # #-..*..*| # h# ### # #|...<..| oi########## #---.---- ##--.---# ## ### |....|# # #) -------+---- ##### |....|# #######0## |........$...#######....^|# --|----# |.......... ##### ------# |.....-## |......(.....## ##############......| ------------ 0# |.....| ###......| ------- Mishka the Skirmisher St:13 Dx:10 Co:18 In:6 Wi:6 Ch:10 Lawful S:838 Dlvl:5 $:0 HP:0(47) Pw:7(7) AC:6 Xp:4/147 T:2102 Latest messages: A rock piercer suddenly drops from the ceiling! You are almost hit by a falling rock piercer! You swap places with Bluey. You descend the stairs. You kill the hill orc! Bluey eats a hill orc corpse. What do you want to drop? [$a-hj-oq-xzA or ?*] You drop 57 gold pieces. You can't go down here. B - a scroll labeled VELOX NEB. You can't go up here. You can't go down here. $ - 5 gold pieces. You swap places with Bluey. $ - 17 gold pieces (22 in total). You see here an orcish helm. $ - 57 gold pieces (79 in total). What do you want to drop? [$a-hj-oq-xzAB or ?*] You drop 79 gold pieces. Bluey is still eating. You climb up the stairs. You miss the rock piercer. You kill the rock piercer! You see here a rock piercer corpse. There is a rock piercer corpse here; eat it? [ynq] (n) This rock piercer corpse tastes okay. You stop eating the rock piercer corpse. The newt bites! You hit the newt. The newt misses! You kill the newt! You hit the leprechaun. The leprechaun wakes up! The leprechaun screams! You miss wildly and stumble forwards. You see here an orcish helm. You see here a kobold corpse. Suddenly, the leprechaun disappears out of sight. You miss the hill orc. The hill orc swings his scimitar. The hill orc hits! You hit the hill orc! The hill orc swings his scimitar. The hill orc hits! You die... Do you want your possessions identified? [ynq] (y) Do you want to see your attributes? [ynq] (y) Do you want an account of creatures vanquished? [ynaq] (y) Do you want to see your conduct and achievements? [ynq] (y) Do you want to see the dungeon overview? [ynq] (y) Inventory: Weapons a - a blessed corroded +1 dwarvish spear (weapon in hand) b - a blessed +0 dagger (alternate weapon; not wielded) Armor c - an uncursed +3 small shield (being worn) j - an uncursed +0 orcish helm x - a cursed +0 dunce cap (being worn) Comestibles d - an uncursed food ration f - an uncursed food ration h - 2 uncursed lichen corpses l - an uncursed fortune cookie s - an uncursed tripe ration Scrolls e - an uncursed scroll of amnesia m - a blessed scroll of create monster v - 2 uncursed scrolls of identify A - an uncursed scroll of remove curse B - a blessed scroll of genocide Spellbooks g - an uncursed spellbook of cure sickness n - a cursed spellbook of knock o - an uncursed spellbook of cure blindness Potions k - a blessed potion of confusion q - an uncursed potion of gain ability t - a blessed potion of paralysis w - an uncursed potion of enlightenment Wands r - a wand of polymorph (0:4) u - a wand of magic missile (0:4) z - a wand of striking (0:5) Mishka the Valkyrie's attributes: Background: You were a Skirmisher, a level 4 dwarven Valkyrie. You were lawful, nominally on a mission for Tyr who was opposed by Odin (neutral) and Loki (chaotic). You were in the Dungeons of Doom, on level 5. You entered the dungeon 2102 turns ago. You had 147 experience points, 13 more were needed to attain level 5. Your score was 838 before end-of-game adjustments. Basics: You had 0 out of 47 hit points. You had all 7 energy points (spell power). Your armor class was 6. Your wallet was empty. Autopickup was on for '$?/+"=!%*' plus thrown, with exceptions. Final Characteristics: Your strength was 13 (peak:17, limit:18/100). Your dexterity was 10 (limit:20). Your constitution was 18 (limit:20). Your intelligence was 6 (base:11, limit:16). Your wisdom was 6 (base:9, limit:16). Your charisma was 10 (limit:16). Final Status: You were not hungry. You were unencumbered. You were wielding a spear. You had basic skill with spear. Final Attributes: You were piously aligned. You were cold resistant. You had infravision. You were stealthy. You are dead. Miscellaneous: You never encountered a bones level. Total elapsed playing time was 17 minutes and 13 seconds. Major events: Turn 1: Mishka the lawful dwarven Valkyrie entered the dungeon 1077: attained the rank of Skirmisher (level 3) 2102: killed by a hill orc Vanquished creatures: a rock piercer a kobold mummy 2 homunculi a kobold leader 3 hill orcs a giant bat an orc zombie an iguana an acid blob 2 coyotes 2 large kobolds a garter snake a gnome zombie a gecko 4 jackals 2 goblins 6 grid bugs 5 lichens a kobold zombie 2 newts 39 creatures vanquished. No species were genocided or became extinct. Voluntary challenges: You were an atheist. You read items or engraved 3 times. You engraved Elbereth 1 time. You never genocided any monsters. You never polymorphed an object. You never changed form. You used no wishes. Achievement: You attained the rank of Skirmisher. The Dungeons of Doom: levels 1 to 6 Level 1: Level 2: A fountain. Level 3: A fountain, a grave. Level 4: A grave. Level 5: <- You were here. Final resting place for you, killed by a hill orc. Level 6: Game over: ---------- / \ / REST \ / IN \ / PEACE \ / \ | Mishka | | 0 Au | | killed by a hill | | orc | | | | | | 2023 | *| * * * | * _________)/\\_//(\/(/\)/\//\/|_)_______ Farvel Mishka the Valkyrie... You died in The Dungeons of Doom on dungeon level 5 with 838 points, and 0 pieces of gold, after 2102 moves. You were level 4 with a maximum of 47 hit points when you died.